 Dungeon Crawl Stone Soup version 0.26-a0-30-g56b8cd3df0 (webtiles) character file.

Game seed: 18018205640547137207, levelgen mode: deterministic

558 Lanoc the Poker (level 7, -7/90 HPs)
             Began as a Green Draconian Warper on June 1, 2020.
             Mangled by a mummy (11 damage)
             ... in an ossuary.
             The game lasted 00:08:33 (4016 turns).

Lanoc the Poker (Green Draconian Warper)            Turns: 4016, Time: 00:08:33

Health: -7/90      AC: 23    Str: 13    XL:     7   Next: 9%
Magic:  19/19      EV:  2    Int: 13    God:
Gold:   123        SH:  0    Dex: 13    Spells: 8/10 levels left

rFire    . . .     SeeInvis .   a - +0 spear
rCold    . . .     Gourm    .   (no shield)
rNeg     + + +     Faith    .   (armour unavailable)
rPois    +         Spirit   .   (helmet currently unavailable)
rElec    .         Reflect  .   (cloak currently unavailable)
rCorr    .         Harm     .   (gloves currently unavailable)
MR       .....     NoTele   +   (boots currently unavailable)
Stlth    +.........             e - amulet of the acrobat
HPRegen  0.25/turn              m - ring of wizardry
MPRegen  0.16/turn              s - ring of magical power

@: brilliant, tree-form, hasted, very quick
A: (breathe noxious fumes), unfitting armour, AC +6
a: no special abilities


You were in an ossuary.
You were hungry.
You were a tree.
You visited 1 branch of the dungeon, and saw 4 of its levels.
You also visited: Ossuary.

You collected 123 gold pieces.

Inventory:

Hand Weapons
 a - a +0 spear (weapon)
 q - a +0 trident
Missiles
 d - 5 boomerangs of dispersal (quivered)
 n - 4 boomerangs
 o - 18 bolts
 t - 19 arrows
Armour
 r - a +0 hat (melded)
Jewellery
 e - an amulet of the acrobat (around neck)
 m - a ring of wizardry (left branch)
 s - a ring of magical power (right branch)
Wands
 k - a wand of flame (10)
Scrolls
 b - 2 scrolls of remove curse
 c - 2 scrolls of blinking
 h - 2 scrolls of identify
Comestibles
 p - 2 rations


   Skills:
 + Level 4.5 Fighting
 - Level 5.0 Polearms
 - Level 0.8 Throwing
 + Level 4.0 Dodging
 - Level 2.0 Spellcasting
 + Level 3.9 Translocations


You had 8 spell levels left.
You knew the following spells:

 Your Spells              Type           Power        Failure   Level  Hunger
a - Blink                 Tloc           N/A          3%          2    None

Your spell library contained the following spells:

 Spells                   Type           Power        Failure   Level  Hunger
 Gell's Gravitas          Tloc           ###.......   6%          3    None
 Lesser Beckoning         Tloc           ###.......   6%          3    None
 Teleport Other           Tloc           ###.....     6%          3    None
 Shroud of Golubria       Chrm/Tloc      #.....       7%          2    None
 Passage of Golubria      Tloc           N/A          21%         4    None


Dungeon Overview and Level Annotations

Branches:
Dungeon (4/15)            Ossuary (1/1)
 Temple: D:4-7

Altars:
Kikubaaqudgha

Shops:
D:4 (


Innate Abilities, Weirdness & Mutations

((You can breathe blasts of noxious fumes.))
((Your lurid green scales are hard. (AC +6)))
You cannot fit into any form of body armour.
((Your system is resistant to poisons. (rPois)))
((You are cold-blooded and may be slowed by cold attacks.))


Message History

The mummy is almost destroyed.
The mummy hits you.
* * * LOW HITPOINT WARNING * * *
You hit the mummy but do no damage.
The mummy is almost destroyed.
The mummy hits you but does no damage. x3
You barely miss the mummy.
The mummy is almost destroyed.
The mummy hits you but does no damage.
You hit the mummy.
You destroy the mummy!
The mummy hits you but does no damage. The mummy barely misses you.
You hit the mummy.
The mummy is moderately damaged.
The mummy hits you!
* * * LOW HITPOINT WARNING * * *
You hit the mummy.
The mummy is heavily damaged.
The mummy hits you!
You die...

.................#
..........M.....##
#..............##
#+##.....M..##'#
##......##..##
##....##....##
#....#......##
#....#....MMM#
#....#....?♣M#
#....#....?$$#
#....#....!$##
#....##..!$$#
#....##...$##
#.∩∩.###.!$#
###### #####


You could see 4 mummies.

Vanquished Creatures
  A hungry ghost (D:2)
  A sky beast (D:3)
  2 hounds (D:4)
  An orc priest (D:3)
  An orc wizard (D:3)
  An iguana (D:4)
  A hound skeleton (D:4)
  5 mummies
  2 adders
  2 oozes
  3 worms (D:2)
  5 leopard geckos
  4 orcs
  2 giant cockroaches (D:4)
  A gnoll zombie (Ossuary)
  4 goblins
  4 hobgoblins
  8 jackals
  3 quokkas
  A ball python (D:3)
  6 bats
  2 frilled lizards (D:3)
  3 hobgoblin zombies (Ossuary)
  7 kobolds
  3 kobold zombies
  2 orc zombies (Ossuary)
  6 rats
81 creatures vanquished.

Vanquished Creatures (others)
  A human (D:2)
1 creature vanquished.

Grand Total: 82 creatures vanquished

Notes
Turn   | Place    | Note
-------+----------+-------------------------------------------
     0 | D:1      | Lanoc the Draconian Warper began the quest for the Orb.
     0 | D:1      | Reached XP level 1. HP: 17/17 MP: 3/3
   284 | D:2      | Found an ancient bone altar of Kikubaaqudgha.
   284 | D:2      | Noticed a human
   288 | D:2      | Reached XP level 2. HP: 25/25 MP: 5/5
   288 | D:2      | Killed a human
  1019 | D:2      | Reached XP level 3. HP: 23/30 MP: 6/6
  1218 | D:2      | Reached skill level 3 in Polearms
  1674 | D:3      | Noticed a hungry ghost
  1914 | D:2      | Killed a hungry ghost
  1914 | D:2      | Reached skill level 4 in Polearms
  1914 | D:2      | Reached XP level 4. HP: 3/39 MP: 7/7
  1914 | D:2      | Reached XP level 5. HP: 4/45 MP: 8/8
  1922 | D:2      | HP: 2/45 [orc/+0 club (2)]
  1927 | D:2      | HP: 1/45 [orc/+0 club (2)]
  1939 | D:2      | HP: 1/45 [orc/+0 club (1)]
  2236 | D:2      | Learned a level 2 spell: Blink
  2359 | D:3      | Reached XP level 6. HP: 13/52 MP: 9/9
  2622 | D:3      | Noticed a sky beast
  2662 | D:3      | Killed a sky beast
  3105 | D:3      | Reached skill level 5 in Polearms
  3679 | D:4      | Found Efodopp's Weapon Emporium.
  3791 | D:4      | Found a sand-covered staircase.
  3812 | Ossuary  | Entered an ossuary
  3946 | Ossuary  | Your scales start taking on a lurid green colour.
  3946 | Ossuary  | Reached XP level 7. HP: 30/60 MP: 10/10
  3946 | Ossuary  | Gained mutation: Your system is resistant to poisons.
                  | (rPois) [Green Draconian growth]
  4015 | Ossuary  | HP: 4/90 [mummy (10)]
  4016 | Ossuary  | Mangled by a mummy

Illustrated notes

Levels and vault maps discovered:
D:1:      dpeg_arrival_chambers_temple_mockup, layout_loops_corners,
          nrook_mini_vaults
D:2:      layout_rooms, tgw_kikubaaqudgha
D:3:      layout_basic, first_ration
D:4:      layout_loops_ring, grunt_temple_overflow_open,
          nicolae_ossuary_entry_giza, serial_shops, shop,
          hangedman_abyss_or_decor_stagger
Ossuary:  ossuary_tomb_3

Skill      XL: |  1  2  3  4  5  6 |
---------------+-------------------+-----
Polearms       | 4 5 |  5.0
Fighting       | 3 4 |  4.5
Dodging        | 3 4 |  4.0
Throwing       | |  0.8
Spellcasting   | |  2.0
Translocations | |  3.9

Action                   |  1- 3 |  4- 6 |  7- 9 || total
-------------------------+-------+-------+-------++-------
Melee: Spear             |   210 |   309 |    43 ||   562
       Tailslap          |    20 |    31 |       ||    51
 Cast: Blink             |       |     2 |     2 ||     4
  Use: Scroll            |       |     5 |       ||     5
       Potion            |       |     3 |     4 ||     7
 Stab: Sleeping          |     2 |     2 |       ||     4
  Eat: Ration            |     5 |       |       ||     5
       Chunk             |     4 |     9 |       ||    13
Armor: Skin              |    51 |    62 |    23 ||   136
Dodge: Dodged            |   109 |   178 |     5 ||   292

Table legend:
 A = Non-vault XP
 B = Vault XP
 C = Vault XP percentage of total XP
 D = Non-vault monster count
 E = Vault monster count
 F = Vault count percentage of total count
                 A         B        C        D         E       F
            +---------+---------+-------+---------+---------+-------
      Total |     698 |     100 |  12.5 |      67 |      14 |  17.3
            +---------+---------+-------+---------+---------+-------
        D:1 |       5 |       0 |   0.0 |       4 |       0 |   0.0
        D:2 |     272 |       0 |   0.0 |      27 |       0 |   0.0
        D:3 |     265 |       0 |   0.0 |      27 |       0 |   0.0
        D:4 |     156 |      19 |  10.9 |       9 |       2 |  18.2
    Ossuary |       0 |      81 | 100.0 |       0 |      12 | 100.0
            +---------+---------+-------+---------+---------+-------
